 Dungeon Crawl Stone Soup version 0.29.0-10-g45618ea6d2 (webtiles) character file.

Game seed: 1862960472980889720

1003 Zeldest the Chopper (level 8, -2/61 HPs)
             Began as a Formicid Fighter on Sept 2, 2022.
             Was a Follower of Okawaru.
             Slain by an ice beast (13 damage)
             ... on level 6 of the Dungeon.
             The game lasted 00:05:29 (5115 turns).

Zeldest the Chopper (Formicid Fighter)              Turns: 5115, Time: 00:05:30

Health: -2/61      AC: 14    Str: 24    XL:     8   Next: 43%
Magic:  10/11      EV:  6    Int:  7    God:    Okawaru [*.....]
Gold:   197        SH:  6    Dex: 19    Spells: 7/7 levels left

rFire   . . .      SeeInvis +   a - +0 war axe
rCold   . . .      Faith    .   c - +0 buckler
rNeg    . . .      Spirit   .   A - +0 plate armour
rPois   .          Reflect  .   (helmet unavailable)
rElec   .          Harm     .   (no cloak)
rCorr   .          Rampage  .   x - +0 pair of gloves
Will    +....                   t - +0 pair of boots
Stlth   ..........              (no amulet)
HPRegen 0.20/turn               i - ring of willpower
MPRegen 0.12/turn               r - +6 ring of dexterity

@: no status effects
A: permanent stasis, dig shafts and tunnels, antennae 3, four strong arms
a: Dig, Shaft Self, Renounce Religion, Heroism


You were on level 6 of the Dungeon.
You worshipped Okawaru.
Okawaru was aware of your devotion.
You visited 2 branches of the dungeon, and saw 7 of its levels.
You also visited: Ossuary.

You collected 281 gold pieces.
You spent 84 gold pieces at shops.

Inventory:

Hand Weapons
 a - a +0 war axe (weapon)
Missiles
 K - a throwing net
Armour
 c - a +0 buckler (worn)
 t - a +0 pair of boots (worn)
 x - a +0 pair of gloves (worn)
 A - a +0 plate armour (worn)
Jewellery
 b - a ring of positive energy
 i - a ring of willpower (left hand)
 j - a ring of fire
 p - a ring of resist corrosion
 r - a +6 ring of dexterity (right hand)
Wands
 G - a wand of flame (17)
 J - a wand of paralysis (3)
Scrolls
 e - 2 scrolls of vulnerability {unknown}
 f - a scroll of silence {unknown}
 h - 2 scrolls of immolation
 m - 11 scrolls of identify {unknown}
 o - 4 scrolls of teleportation {unknown}
 q - 3 scrolls of brand weapon {unknown}
 s - 2 scrolls of enchant weapon {unknown}
 u - a scroll of fear {unknown}
 w - a scroll of noise {unknown}
 y - a scroll of poison {unknown}
 B - 2 scrolls of magic mapping {unknown}
 E - a scroll of butterflies {unknown}
Potions
 d - a potion of might
 g - 2 potions of attraction {unknown}
 k - 3 potions of heal wounds {unknown}
 l - 3 potions of mutation {unknown}
 n - a potion of ambrosia {unknown}
 v - 2 potions of haste {unknown}
 z - 4 potions of brilliance {unknown}
 C - 2 potions of magic {unknown}
 D - 2 potions of degeneration {unknown}
 F - 2 potions of curing {unknown}
 H - a potion of invisibility {unknown}
 I - 2 potions of flight {unknown}


   Skills:
 - Level 4.9 Fighting
 + Level 6.3 Axes
 - Level 4.9 Armour
 - Level 6.0 Shields
 + Level 4.1 Invocations


You had 7 spell levels left.
You didn't know any spells.
Your spell library contained the following spells:

 Spells                   Type           Power      Damage    Failure   Level
 Freeze                   Ice            0%         1d3       100%        1
 Frozen Ramparts          Ice            0%         1d1       100%        3
 Hailstorm                Conj/Ice       0%         3d3       100%        4


Dungeon Overview and Level Annotations

Branches:
Dungeon (6/15)             Temple (1/1) D:5         Ossuary (visited)

Altars:
Ashenzari
Elyvilon
Fedhas
Gozag
Hepliaklqana
Kikubaaqudgha
Makhleb
Nemelex Xobeh
Okawaru
Qazlal
Ru
Sif Muna
Trog
Uskayaw
Xom
Zin
The Shining One

Shops:
D:2 *

Annotations:
D:3 1 runed translucent door, smilodon's ghost, amateur DsGl
D:5 2 runed translucent doors, turdburglar's ghost, novice GnBr


Innate Abilities, Weirdness & Mutations

You cannot be hasted, slowed, berserked, paralysed or teleported.
You can dig through walls and to a lower floor.
You have a pair of large antennae on your head. (SInv)
Your four strong arms can wield two-handed weapons with a shield.


Message History

Okawaru accepts your kill. The shadow imp barely misses you.
You slash the shadow imp!
You kill the shadow imp!
Okawaru accepts your kill.
You slash the ice beast!
The ice beast is moderately wounded.
The ice beast hits you but does no damage.
You hit the ice beast but do no damage.
The ice beast is moderately wounded.
The ice beast hits you but does no damage.
You hit the ice beast but do no damage.
The ice beast is moderately wounded.
The ice beast hits you but does no damage.
You hit the ice beast but do no damage.
The ice beast is moderately wounded.
The ice beast hits you but does no damage. x2
You barely miss the ice beast.
The ice beast is moderately wounded.
The ice beast hits you. The ice beast freezes you!
* * * LOW HITPOINT WARNING * * *
You slash the ice beast!
The ice beast is severely wounded.
The ice beast hits you but does no damage.
You hit the ice beast.
The ice beast is almost dead.
The ice beast hits you but does no damage.
You hit the ice beast.
You kill the ice beast!
Okawaru accepts your kill.
You can now gain great but temporary skills.
Your life force feels restored.
Your Invocations skill increases to level 4!
You slash the gnoll!
You kill the gnoll!
Okawaru accepts your kill. The ice beast hits you.
* * * LOW HITPOINT WARNING * * *
The ice beast freezes you!
You die...

. ... .
...{.###### ...
...{...{.{##{h...
.....####.{{oo...
... #Y###..... .
{ ##@# ...[ ###
.. {


You could see an ice beast.

Vanquished Creatures
  An ice beast (D:6)
  A black bear (D:5)
  2 phantoms
  A scorpion (D:5)
  A necrophage (D:5)
  A hound (D:6)
  A gnoll bouda (D:4)
  4 orc wizards
  2 mummies (Ossuary)
  16 gnolls
  8 adders
  A shadow imp (D:6)
  3 white imps
  2 ufetubi (D:5)
  2 adder zombies (Ossuary)
  14 orcs
  3 ball pythons
  5 bats
  10 endoplasms
  7 goblins
  A hobgoblin (D:2)
  2 quokkas (D:3)
  3 frilled lizards
  2 goblin zombies (Ossuary)
  13 hobgoblin zombies (Ossuary)
  2 jackal zombies (Ossuary)
  9 kobolds
  13 kobold zombies (Ossuary)
  5 orc zombies (Ossuary)
  6 rats
141 creatures vanquished.

Notes
Turn   | Place    | Note
-------+----------+-------------------------------------------
     0 | D:1      | Zeldest the Formicid Fighter began the quest for the Orb.
     0 | D:1      | Reached XP level 1. HP: 18/18 MP: 1/1
   248 | D:1      | Reached XP level 2. HP: 23/24 MP: 2/2
   709 | D:1      | Found a faded altar of an unknown god.
  1058 | D:2      | Reached XP level 3. HP: 29/29 MP: 3/3
  1103 | D:2      | Found Ryatill's Assorted Antiques.
  1206 | D:2      | Bought a clear potion for 26 gold pieces
  1206 | D:2      | Bought a scroll labelled COSURO YWUVUDGH for 29 gold pieces
  1206 | D:2      | Bought a scroll labelled EMAGOM CUTHRAU for 29 gold pieces
  1582 | D:1      | Reached XP level 4. HP: 4/37 MP: 4/4
  2264 | D:3      | Found a runed translucent door.
  2272 | D:3      | Reached XP level 5. HP: 36/42 MP: 5/5
  2590 | D:3      | Reached skill level 5 in Shields
  2694 | D:3      | Noticed smilodon's ghost (amateur DsGl)
  2915 | D:4      | Reached XP level 6. HP: 24/48 MP: 6/6
  3383 | D:4      | Reached XP level 7. HP: 47/55 MP: 7/7
  3407 | D:4      | Found a sand-covered staircase.
  3414 | Ossuary  | Entered an ossuary
  4023 | D:5      | Entered Level 5 of the Dungeon
  4120 | D:5      | Reached skill level 5 in Axes
  4254 | D:5      | Found a staircase to the Ecumenical Temple.
  4262 | Temple   | Entered the Ecumenical Temple
  4270 | Temple   | Became a worshipper of Warmaster Okawaru
  4304 | D:5      | Reached skill level 1 in Invocations
  4600 | D:5      | Reached XP level 8. HP: 54/61 MP: 9/9
  5004 | D:5      | Found a large runed translucent door.
  5004 | D:5      | Found a large runed translucent door.
  5007 | D:5      | Noticed turdburglar's ghost (novice GnBr)
  5114 | D:6      | Reached * piety under Okawaru
  5115 | D:6      | Slain by an ice beast

Illustrated notes

Levels and vault maps discovered:
D:1:      wander_arrival_estate, layout_basic,
          hellmonk_ecumenical_altar_blasted, chequers_serial_rivers_small_a,
          serial_bayou_lagoon_a, kennysheep_pointless_box,
          hangedman_glass_teeth, minmay_misc_feat_tower
D:2:      layout_basic, serial_shops, shop, lemuel_old_faithful
D:3:      layout_rooms, ebering_ghost_reflecting_pool, minmay_misc_feat_enclosed
D:4:      layout_layer_cave, nicolae_ossuary_entry_monument
D:5:      layout_basic, minmay_temple_entry_large_hall,
          ebering_ghost_disaster_area, minmay_fractal_squares_5
D:6:      layout_rooms, kennysheep_slug_shrine,
          gammafunk_temple_overflow_elements
Temple:   sentei_temple_godly_chess

Skill      XL: |  1  2  3  4  5  6  7  8 |
---------------+-------------------------+-----
Axes           | 3 4 5 6 |  6.3
Fighting       | 4 |  4.9
Armour         | 4 |  4.9
Shields        | 5 6 |  6.0
Invocations    | 2 4 |  4.1

Action                   |  1- 3 |  4- 6 |  7- 9 || total
-------------------------+-------+-------+-------++-------
Melee: War axe           |    69 |   132 |   199 ||   400
 Abil: Dig               |       |       |     1 ||     1
Armor: Scale mail        |    28 |    51 |       ||    79
       Plate armour      |       |    48 |   137 ||   185
Dodge: Dodged            |    32 |    89 |    64 ||   185
Block: Buckler           |    13 |    51 |    79 ||   143
